 Dungeon Crawl Stone Soup version 0.19-a0-4-ga5c5ac4 (webtiles) character file.

684127 George the Impregnable (level 27, -1/169 HPs)
             Began as a Gargoyle Fighter on Apr 27, 2016.
             Was the Champion of Okawaru.
             Splashed by an acid blob's acid (7 damage)
             ... created by the Royal Jelly
             ... on level 6 of the Pits of Slime on Apr 28, 2016.
             The game lasted 12:28:07 (68774 turns).

George the Impregnable (Gargoyle Fighter)          Turns: 68774, Time: 12:28:08

Health: -1/169     AC: 10    Str: 30    XL:     27
Magic:  2/36       EV: 27    Int: 22    God:    Okawaru [******]
Gold:   6585       SH: 33    Dex: 25    Spells: 4 memorised, 30 levels left

rFire  + + +     SeeInvis +     q - +9 demon whip (vamp)
rCold  + + +     Gourm    .     L - +6 chain mail of the Mutiny {+Blink rF++ MR+ Dex+4}
rNeg   + + +     Faith    .     v - +0 large shield {rF+}
rPois  ∞         Spirit   .     Q - +2 hat of the Solstice {rC+ rCorr Str+3}
rElec  +         Dismiss  .     U - +0 cloak of the Guilds {rPois rC+ MP+9 Int+5}
rCorr  +         Reflect  +     W - +1 pair of gloves {Dex+3}
SustAt .         Harm     .     M - +0 pair of boots of Inquiry {SInv}
MR     +++..     Rnd*Tele +     i - +4 amulet of reflection
Stlth  ++........               c - ring of Free Will {rC+ rN+ Int+7 Stlth+}
                                e - ring "Retatt" {rN+++ Str+6 Int-2 Stlth+}

@: heroism, corroded, flying, extremely resistant to hostile enchantments,
unstealthy
A: big wings, blurry vision 1, clever 1, frail 1, low mp 2, negative energy
resistance 1, screaming 2, electricity resistance, slow regeneration 1,
teleportitis 1, weak 1, unbreathing, petrification resistance, rot immunity, AC
+20
a: Stop Flying, Heroism, Finesse, Renounce Religion, Evoke Blink
}: 3/15 runes: decaying, silver, gossamer


You were on level 6 of the Pits of Slime.
You worshipped Okawaru.
Okawaru was exalted by your worship.
You were not hungry.

You visited 12 branches of the dungeon, and saw 60 of its levels.
You visited 1 bazaar.
You also visited: Volcano and Wizlab.

You collected 8330 gold pieces.
You spent 1745 gold pieces at shops.

Inventory:

Hand Weapons
 q - a +9 vampiric demon whip (weapon)
Missiles
 V - 5 throwing nets (quivered)
Armour
 v - a +0 large shield of fire resistance (worn)
 L - the +6 chain mail of the Mutiny (worn) {+Blink rF++ MR+ Dex+4}
   (Okawaru gifted it to you on level 4 of the Spider Nest)

   It affects your dexterity (+4).
   It greatly protects you from fire.
   It affects your resistance to hostile enchantments.
   It lets you blink.
 M - the +0 pair of boots of Inquiry (worn) {SInv}
   (Okawaru gifted it to you on level 7 of the Lair of Beasts)

   It lets you see invisible.
 Q - the +2 hat of the Solstice (worn) {rC+ rCorr Str+3}
   (Okawaru gifted it to you on level 3 of the Crypt)

   It affects your strength (+3).
   It protects you from cold.
   It protects you from acid and corrosion.
 U - the +0 cloak of the Guilds (worn) {rPois rC+ MP+9 Int+5}
   (You bought it in a shop in a bazaar)

   It affects your intelligence (+5).
   It protects you from cold.
   It protects you from poison.
   It affects your magic capacity (+9).
 W - a +1 pair of gloves of dexterity (worn)
Jewellery
 c - the ring of Free Will (right hand) {rC+ rN+ Int+7 Stlth+}
   (You found it on level 3 of the Crypt)

   [ring of positive energy]

   It affects your intelligence (+7).
   It protects you from cold.
   It protects you from negative energy.
   It makes you more stealthy.
 e - the ring "Retatt" (left hand) {rN+++ Str+6 Int-2 Stlth+}
   (You bought it in a shop on level 15 of the Dungeon)

   [ring of stealth]

   It affects your strength (+6).
   It affects your intelligence (-2).
   It renders you almost immune to negative energy.
   It makes you more stealthy.
 i - a +4 amulet of reflection (around neck)
Wands
 n - a wand of digging (13/24)
 r - a wand of teleportation (5/9)
 w - a wand of teleportation (4/9)
 y - a wand of disintegration (14/24)
 J - a wand of heal wounds (6/9)
Scrolls
 g - 7 scrolls of recharging
 h - 15 scrolls of teleportation
 j - 20 scrolls of remove curse
 l - 9 scrolls of blinking
 t - 6 scrolls of immolation
 u - 10 scrolls of fog
 B - 5 scrolls of holy word
 G - 6 scrolls of fear
 K - 24 scrolls of identify
 N - 5 scrolls of acquirement
 T - 6 scrolls of magic mapping
 X - 6 scrolls of enchant armour
 Z - 5 scrolls of enchant weapon
Potions
 a - 5 potions of agility
 d - 6 potions of might
 k - 9 potions of heal wounds
 p - 29 potions of curing
 s - 5 potions of cure mutation
 z - a potion of cancellation
 A - 6 potions of invisibility
 D - 3 potions of resistance
 O - 5 potions of haste
 P - 3 potions of ambrosia
 S - 7 potions of mutation
Miscellaneous
 x - 3 phantom mirrors
 E - a fan of gales
 H - a disc of storms
 Y - a phial of floods
Comestibles
 f - 30 bread rations
 m - 34 fruits
 o - 12 beef jerkies
 C - 30 meat rations
 I - 14 slices of pizza


   Skills:
 + Level 23.5(27) Fighting
 + Level 21.9(26.9) Maces & Flails
 + Level 23.6(27) Armour
 + Level 13.5(18.5) Dodging
 + Level 23.3(27) Shields
 + Level 7.4 Spellcasting
 - Level 8.2 Hexes
 - Level 8.1 Charms
 - Level 9.3 Necromancy
 - Level 6.2 Translocations
 - Level 9.8 Invocations
 - Level 13.3 Evocations


You had 30 spell levels left.
You knew the following spells:

 Your Spells              Type           Power        Failure   Level  Hunger
a - Shroud of Golubria    Chrm/Tloc      #####.....   1%          2    None
b - Song of Slaying       Chrm           #####...     1%          2    None
c - Regeneration          Chrm/Necr      #####.....   1%          3    None
d - Spectral Weapon       Hex/Chrm       #####...     1%          3    None


Dungeon Overview and Level Annotations

Branches:
Dungeon (15/15)            Temple (1/1) D:5            Lair (8/8) D:11
  Swamp (4/4) Lair:4       Spider (4/4) Lair:6        Slime (6/6) Lair:7
    Orc (2/2) D:12            Elf (3/3) Orc:2        Vaults (5/5) D:13
  Crypt (3/3) Vaults:3       Tomb (0/3) Crypt:3      Depths (5/5) D:15
    Zot (4/5) Depths:5

Altars:
Ashenzari
Cheibriados
Dithmenos
Elyvilon
Fedhas
Gozag
Kikubaaqudgha
Makhleb
Nemelex Xobeh
Okawaru
Pakellas
Qazlal
Ru
Sif Muna
Trog
Vehumet
Yredelemnul
Zin
The Shining One
Beogh
Jiyva

Shops:
D:4 *   D:7 (   D:15 (=[?   Orc:2 [%:(   Elf:1 =   Elf:2 :

Portals:
Hell: Depths:1 Depths:2 Depths:3 Depths:4 Depths:5
Abyss: Depths:2 Depths:4
Pandemonium: Depths:3 Depths:5
Ziggurat: Depths:2
Trove: Vaults:3 (give 5 potions of resistance)

Annotations:
D:6 Crazy Yiuf


Innate Abilities, Weirdness & Mutations

You are resistant to torment.
Your stone body is resilient (AC +20).
You are immune to poison.
Your large and strong wings let you fly indefinitely.
You resist negative energy.
You are resistant to electric shocks.
You can survive without breathing.
You are immune to petrification.
You are immune to rotting.
Scrolls take you a little longer to read.
Your mind is acute. (Int +2)
You are frail (-10% HP).
Your magical capacity is very low (-20% MP).
You sometimes yell uncontrollably at your foes.
You regenerate slowly when monsters are visible.
You are occasionally teleported next to monsters.
You are weak. (Str -2)


Message History

The splash of acid hits you! You resist.
* * * LOW HITPOINT WARNING * * *
The acid burns!
You resist.
* * * LOW HITPOINT WARNING * * *
Found seven items.
The acid blob spits acid at you. The splash of acid hits you! You resist.
* * * LOW HITPOINT WARNING * * *
The acid burns!
You resist.
* * * LOW HITPOINT WARNING * * *
Found nine items.
The acid blob spits acid at you. The splash of acid hits you!
The acid burns!
You resist.
* * * LOW HITPOINT WARNING * * *
Found six items.
The acid blob spits acid at you. The splash of acid hits you! You resist.
* * * LOW HITPOINT WARNING * * *
The acid corrodes you!
The acid burns!
You resist.
You die...

..#####.#####.............
..##%##GJ##$##............
###$)(##J#(%!###..........
##$|)##JJ##?")###.........
#$:(|}#J##()[)$##.........
#/})%##..##?[(?## .......
##[%#:##.#}#!}###
#######..########
.#...#...@#...#..
...#........#...#
#######..########
##?[#)##.#)#!(###
?(=?##..##$)!$##
(:φ)(#.##?)=)[##
#::(##..##[}:##.
#[%)##.#(($##..


You could see 3 acid blobs, 2 azure jellies and a great orb of eyes.

Vanquished Creatures
  the Royal Jelly (Slime:6)
  Dissolution (Slime:3)
  An orb of fire (Zot:1)
  Mennas (Depths:5)
  A juggernaut (Depths:2)
  2 ancient liches
  Sojobo (Vaults:5)
  Boris (Depths:3)
  Norris (Depths:3)
  Saint Roka (Vaults:5)
  Frederick (Vaults:5)
  A Killer Klown (Zot:2)
  5 caustic shrikes
  2 curse toes
  15 golden dragons
  Jory (Vaults:5)
  Nikola (Elf:3)
  Jorgrun (Vaults:1)
  An electric golem (Zot:1)
  Rupert (D:12)
  5 liches
  19 tentacled monstrosities
  10 titans
  2 quicksilver dragons
  3 deep elf blademasters
  2 deep elf master archers (Elf:3)
  22 acid blobs
  4 sphinxes
  The ghost of braks the Lord of Darkness, an adept DsMo of Kikubaaqudgha (Spider:4)
  The ghost of namelastname112 the Lord of Darkness, an adept DrNe of Kikubaaqudgha (Elf:3)
  3 thorn hunters
  3 death cobs
  A shadow dragon (Vaults:5)
  Kirke (Swamp:1)
  6 ancient champions
  11 storm dragons
  6 draconian monks
  12 tengu reavers
  A revenant (Crypt:3)
  13 azure jellies
  12 fire giants
  Maud (Orc:1)
  9 frost giants
  A caustic shrike zombie (Crypt:3)
  4 draconian knights
  2 draconian scorchers
  15 deep elf sorcerers
  13 vault wardens
  7 emperor scorpions
  6 ghost moths
  11 ghouls
  3 curse skulls
  3 draconian zealots
  5 deep elf elementalists
  3 draconian shifters
  7 draconian annihilators
  2 reapers (Crypt:3)
  4 spriggan defenders
  5 vampire knights
  24 very ugly things
  29 stone giants
  3 draconian callers (Zot:1)
  17 ironheart preservers
  2 war gargoyles (Vaults:5)
  11 green draconians
  8 deep elf demonologists
  9 black draconians
  13 deep elf annihilators
  8 yellow draconians
  A salamander stormcaller (Vaults:4)
  9 red draconians
  12 white draconians
  8 mottled draconians
  10 purple draconians
  4 spark wasps
  7 eidola
  A small abomination (Vaults:5)
  29 vault guards
  9 deep elf death magi
  19 ettins
  3 deep elf high priests
  19 fire dragons
  A minotaur (shapeshifter) (D:15)
  A green death (Depths:5)
  12 jiangshi
  4 death oozes
  Josephine (D:11)
  21 yaktaur captains
  4 entropy weavers
  Harold (Lair:4)
  2 merfolk impalers
  A great orb of eyes (shapeshifter) (Depths:3)
  A rakshasa (Depths:3)
  19 great orbs of eyes
  2 spriggan air magi
  20 hydras
  19 ice dragons
  3 ghost crabs
  A ghost crab (shapeshifter) (Depths:2)
  9 death knights
  9 centaur warriors
  An alligator (shapeshifter) (Vaults:5)
  15 ogre magi
  15 deep troll earth magi
  21 dancing weapons
  The ghost of eragonby the Cleaver, a novice MiFi of Cheibriados (D:12)
  6 tengu warriors
  2 alligators
  2 death yaks (Lair:8)
  2 large abominations (Vaults:5)
  9 vampire magi
  A queen ant (shapeshifter) (Depths:4)
  A titan zombie (Crypt:3)
  2 spriggan berserkers (Depths:4)
  19 deep troll shamans
  Urug (D:11)
  The ghost of Sl000nik the Carver, a novice DDFi (D:7)
  Sonja (D:15)
  21 deep elf knights
  38 skeletal warriors
  Nergalle (D:11)
  8 hell knights
  3 shadow wraiths
  4 iron trolls
  A golden dragon zombie (Crypt:3)
  9 flayed ghosts
  A swamp dragon (shapeshifter) (Vaults:1)
  9 swamp dragons
  52 deep trolls
  2 death drakes (Depths:5)
  6 giant orange brains
  8 lindwurms
  A shambling mangrove (Swamp:1)
  4 unseen horrors
  An orange crystal statue (Depths:2)
  2 spriggan druids (Swamp:3)
  5 wizards
  18 orc knights
  A tengu zombie (D:15)
  18 ironbrand convokers
  A sphinx zombie (Crypt:2)
  7 hill giants
  An anaconda skeleton (Crypt:1)
  10 phantasmal warriors
  12 necromancers
  7 deep elf archers
  A griffon (Vaults:1)
  4 orc sorcerers
  A fire giant zombie (Crypt:1)
  16 orb spiders
  13 hornets
  57 ugly things
  26 wolf spiders
  A salamander (shapeshifter) (Depths:4)
  An oklob plant (Lair:2)
  An iron dragon zombie (Crypt:1)
  78 deep elf magi
  3 manticores
  4 shining eyes
  A moth of wrath (shapeshifter) (Vaults:5)
  9 cyclopes
  20 moths of wrath
  An eye of devastation (shapeshifter) (Depths:3)
  An octopode (shapeshifter) (Vaults:4)
  A rust devil (Depths:5)
  2 centaur zombies
  A hornet (shapeshifter) (Depths:4)
  13 elephants
  A smoke demon (Depths:1)
  19 vault sentinels
  A black mamba (shapeshifter) (Vaults:3)
  7 torpor snails (Lair:8)
  8 black mambas
  A fire giant skeleton (Crypt:1)
  An orange demon (Depths:5)
  2 molten gargoyles (Volcano)
  A gargoyle (D:14)
  3 eyes of devastation
  19 spiny frogs
  A yellow draconian skeleton (Crypt:2)
  7 kobold demonologists
  10 demonic crawlers
  87 yaktaurs
  2 rime drakes
  10 komodo dragons
  2 efreet
  13 freezing wraiths
  A hellwing (Depths:1)
  3 red devils
  24 jumping spiders
  A hydra zombie (Crypt:3)
  6 tengu conjurers
  A sea snake skeleton (Crypt:1)
  9 giant leeches
  2 wind drakes (shapeshifter)
  9 trolls
  A queen ant zombie (Crypt:1)
  A two-headed ogre (shapeshifter) (Depths:5)
  2 trolls (shapeshifter)
  A harpy skeleton (Crypt:2)
  2 giant leeches (shapeshifter)
  27 two-headed ogres
  2 polar bears
  9 boulder beetles
  163 slime creatures
  Grinder (D:6)
  6 bog bodies
  29 blink frogs
  2 fire dragon zombies
  A fire giant simulacrum (Crypt:3)
  A shock serpent simulacrum (Crypt:1)
  7 air elementals
  2 flying skulls (Crypt:3)
  A fire dragon skeleton (D:15)
  An ice dragon skeleton (Crypt:3)
  12 wraiths
  Sigmund (D:4)
  74 yaks
  A deep troll skeleton (D:15)
  21 tarantellas
  8 vampires
  A spriggan (shapeshifter) (Vaults:3)
  A shadow (Crypt:2)
  10 spriggans
  11 water elementals
  The ghost of Yehuk the Ducker, an amateur TrMo (D:4)
  A black mamba zombie (Crypt:1)
  2 hill giant zombies
  59 redbacks
  5 fire bats
  A wyvern (shapeshifter) (Depths:2)
  5 fire elementals
  3 basilisks
  4 hogs (Swamp:1)
  2 yaks (shapeshifter)
  A basilisk (shapeshifter) (D:15)
  3 hungry ghosts
  3 steam dragons
  A hill giant skeleton (Crypt:3)
  Eustachio (D:6)
  7 wargs
  14 hippogriffs
  35 vampire mosquitoes
  Menkaure (D:4)
  A naga (shapeshifter) (Vaults:2)
  A harpy simulacrum (Vaults:1)
  6 mottled dragons
  A soldier ant (D:12)
  23 swamp worms
  3 hell hounds
  3 insubstantial wisps (Swamp:3)
  A water moccasin (shapeshifter) (Vaults:4)
  An infernal demonspawn skeleton (Crypt:2)
  17 water moccasins
  10 porcupines
  14 swamp drakes
  A putrid demonspawn skeleton (Crypt:2)
  8 eyes of draining
  6 black bears
  A snapping turtle zombie (Crypt:3)
  An elephant zombie (Crypt:1)
  12 ice beasts
  52 orc warriors
  7 sky beasts
  A manticore zombie (Crypt:2)
  A phantom (D:4)
  A tengu (shapeshifter) (Depths:4)
  A wasp (shapeshifter) (Depths:2)
  11 wolves
  A swamp dragon zombie (Crypt:3)
  21 wasps
  An ogre (shapeshifter) (Depths:3)
  A boggart (shapeshifter) (Vaults:3)
  4 necrophages
  58 ogres
  A snapping turtle skeleton (Crypt:1)
  14 boggarts
  16 centaurs
  19 crocodiles
  A crocodile (shapeshifter) (Vaults:3)
  A big kobold (D:14)
  An elf zombie (Crypt:1)
  A rime drake skeleton (Crypt:3)
  A giant frog (shapeshifter) (Vaults:4)
  16 giant frogs
  A dryad skeleton (Crypt:3)
  A gnoll sergeant (D:7)
  A glowing shapeshifter simulacrum (Vaults:3)
  A water moccasin zombie (D:7)
  2 wyvern skeletons
  7 earth elementals
  A cyclops skeleton (Crypt:3)
  7 troll zombies (WizLab)
  4 scorpions
  A hippogriff zombie (Crypt:2)
  5 killer bees (D:12)
  21 wights
  3 howler monkeys
  2 troll skeletons
  6 electric eels
  10 crimson imps
  A giant frog zombie (D:12)
  16 hounds
  35 jellies
  17 orc priests
  A gnoll shaman (D:4)
  7 centaur skeletons
  A giant frog skeleton (D:5)
  9 iguanas
  A two-headed ogre skeleton (Crypt:1)
  19 orc wizards
  7 worker ants
  A spriggan simulacrum (Crypt:1)
  A porcupine skeleton (Crypt:2)
  26 sheep
  A naga zombie (Crypt:1)
  8 ogre zombies (WizLab)
  2 hound skeletons
  A mummy (D:5)
  A howler monkey zombie (D:7)
  15 adders
  7 gnolls
  37 river rats
  A scorpion zombie (Crypt:3)
  3 shadow imps
  A white imp (Depths:2)
  8 oozes (Lair:2)
  An adder skeleton (D:4)
  17 worms
  5 dart slugs
  12 giant geckos
  97 orcs
  9 bats
  7 giant cockroaches
  3 goblins
  7 hobgoblins
  5 jackals
  13 kobolds
  2 quokkas
  A giant gecko skeleton (D:4)
  4 giant newts
  A quokka zombie (D:6)
  5 rats
  3 fire vortices (Volcano)
  A plant (Lair:8)
2904 creatures vanquished.

Vanquished Creatures (collateral kills)
  A wyvern (D:8)
  An orc priest (D:8)
  3 gnolls (D:4)
  An adder skeleton (D:8)
  3 orcs (D:8)
  A quokka (D:4)
10 creatures vanquished.

Vanquished Creatures (others)
  A death cob (Zot:1)
  A fire giant (Depths:2)
  A draconian scorcher (Zot:3)
  A draconian zealot (Depths:5)
  A green draconian (Zot:3)
  A black draconian (Depths:5)
  A merfolk javelineer (Depths:1)
  A yaktaur captain (Vaults:2)
  A deep elf high priest (Elf:3)
  An ice dragon (Depths:2)
  5 centaur warriors
  A deep troll earth mage (Depths:4)
  A deep elf knight (Elf:2)
  3 swamp dragons (Swamp:4)
  A lindwurm (Swamp:4)
  5 deep elf archers
  An orc sorcerer (Vaults:5)
  A spiny frog (Lair:8)
  9 yaktaurs
  A freezing wraith (Vaults:3)
  A blink frog (Swamp:3)
  2 tarantellas
  A fire bat (shapeshifter) (Vaults:5)
  A vampire mosquito (Swamp:4)
  5 swamp drakes (Swamp:4)
  2 centaurs
  An ogre (D:4)
  2 orcs
  5 briar patches
  26 fungi
  2 lost souls
  34 plants
  32 spectral weapons
152 creatures vanquished.

Grand Total: 3066 creatures vanquished

Notes
Turn   | Place    | Note
--------------------------------------------------------------
     0 | D:1      | George the Gargoyle Fighter began the quest for the Orb.
     0 | D:1      | Reached XP level 1. HP: 14/14 MP: 1/1
   349 | D:1      | Reached XP level 2. HP: 18/19 MP: 2/2
   691 | D:1      | Reached XP level 3. HP: 21/23 MP: 3/3
  1739 | D:3      | Reached XP level 4. HP: 28/28 MP: 4/4
  1784 | D:3      | Found an iron altar of Okawaru.
  1792 | D:3      | Became a worshipper of Warmaster Okawaru
  2405 | D:4      | Noticed Menkaure
  2420 | D:4      | Killed Menkaure
  2420 | D:4      | Reached skill level 1 in Invocations
  2420 | D:4      | Reached XP level 5. HP: 25/33 MP: 4/6
  2455 | D:4      | Noticed an ogre
  2459 | D:4      | Noticed a phantom
  2505 | D:4      | Killed a phantom
  2505 | D:4      | Reached XP level 6. HP: 31/38 MP: 7/7
  2573 | D:4      | Got a translucent cloak
  2584 | D:4      | Identified the +0 cloak of Kivufoqism {*Corrode rPois rC++ MP+9} (You found it on level 4 of the Dungeon)
  2620 | D:4      | Found Pasa Puw's Assorted Antiques.
  2627 | D:4      | Noticed Sigmund
  2635 | D:4      | Killed Sigmund
  2635 | D:4      | Reached * piety under Okawaru
  2635 | D:4      | Reached skill level 5 in Maces & Flails
  2635 | D:4      | Reached XP level 7. HP: 41/44 MP: 9/9
  2645 | D:4      | Bought a glowing flail for 108 gold pieces
  2713 | D:4      | Noticed Yehuk's ghost (amateur TrMo)
  2750 | D:4      | Killed Yehuk's ghost
  3041 | D:4      | Reached skill level 5 in Fighting
  3185 | D:5      | Entered Level 5 of the Dungeon
  3203 | D:5      | Found a staircase to the Ecumenical Temple.
  3239 | Temple   | Entered the Ecumenical Temple
  3559 | D:5      | Reached skill level 5 in Armour
  3640 | D:5      | Reached XP level 8. HP: 49/49 MP: 10/10
  3778 | D:5      | Found a bloodstained altar of Trog.
  4036 | D:5      | Reached skill level 5 in Shields
  4038 | D:5      | Found a snail-covered altar of Cheibriados.
  4179 | D:6      | Reached ** piety under Okawaru
  4213 | D:6      | Noticed Eustachio
  4296 | D:6      | Killed Eustachio
  4594 | D:6      | Found a radiant altar of Vehumet.
  4728 | D:6      | Found an opulent altar of Gozag.
  4730 | D:6      | Found a blossoming altar of Fedhas.
  4940 | D:6      | Reached XP level 9. HP: 33/55 MP: 12/12
  5004 | D:6      | Reached skill level 5 in Invocations
  5050 | D:6      | Noticed Grinder
  5072 | D:6      | Killed Grinder
  5348 | D:6      | Noticed Crazy Yiuf
  5498 | D:7      | Noticed Sl000nik's ghost (novice DDFi)
  5528 | D:7      | Killed Sl000nik's ghost
  5528 | D:7      | Reached *** piety under Okawaru
  5778 | D:7      | Found Oxamuf's Weapon Shop.
  5809 | D:7      | Reached **** piety under Okawaru
  5896 | D:7      | Reached XP level 10. HP: 56/63 MP: 14/14
  6142 | D:7      | Got a steaming flail
  6143 | D:7      | Identified the cursed +2 flail "Vaphanon" {drain, rC+ MP+9 Int+4} (You found it on level 7 of the Dungeon)
  7196 | D:9      | Reached ***** piety under Okawaru
  7223 | D:9      | Found a deep blue altar of Sif Muna.
  7224 | D:9      | Found a stormy altar of Qazlal.
  7884 | D:9      | Found a burning altar of Makhleb.
  8084 | D:10     | Entered Level 10 of the Dungeon
  8087 | D:10     | Noticed a hill giant
  8103 | D:10     | Killed a hill giant
  8115 | D:10     | Reached XP level 11. HP: 14/69 MP: 16/16
  8358 | D:10     | Noticed a hill giant
  8378 | D:10     | Killed a hill giant
  9064 | D:11     | Noticed a hill giant
  9076 | D:11     | Killed a hill giant
  9110 | D:11     | Received a gift from Okawaru
  9382 | D:11     | Noticed Josephine
  9388 | D:11     | Noticed a deep elf mage
  9414 | D:11     | Killed Josephine
  9691 | D:11     | Noticed Nergalle
  9694 | D:11     | Noticed Urug
  9709 | D:11     | Killed Nergalle
  9715 | D:11     | Received a gift from Okawaru
  9732 | D:11     | Killed Urug
  9785 | D:11     | Found a staircase to the Lair.
  9821 | D:11     | Noticed a purple ugly thing
  9842 | D:11     | Killed a purple ugly thing
  9842 | D:11     | Reached XP level 12. HP: 72/77 MP: 18/18
 10025 | D:11     | Reached skill level 10 in Fighting
 10096 | D:11     | Found a basalt altar of Yredelemnul.
 10314 | D:11     | Reached skill level 10 in Armour
 10881 | D:12     | Reached skill level 10 in Shields
 11001 | D:12     | Noticed Rupert
 11008 | D:12     | Paralysed by Rupert for 2 turns
 11030 | D:12     | Killed Rupert
 11030 | D:12     | Reached skill level 10 in Maces & Flails
 11119 | D:12     | Found a staircase to the Orcish Mines.
 11122 | D:12     | Noticed eragonby's ghost (novice MiFi)
 11157 | D:12     | Killed eragonby's ghost
 11339 | Lair:1   | Entered Level 1 of the Lair of Beasts
 11381 | Lair:1   | Found a dark tunnel.
 11387 | Volcano  | Entered a volcano
 11638 | Volcano  | Received a gift from Okawaru
 11669 | Volcano  | Found a radiant altar of Vehumet.
 12765 | Lair:1   | Reached XP level 13. HP: 66/84 MP: 20/20
 14573 | Lair:2   | Reached ****** piety under Okawaru
 15399 | Lair:3   | Received a gift from Okawaru
 16189 | Lair:4   | Noticed Harold
 16212 | Lair:4   | Killed Harold
 16258 | Lair:4   | Gained mutation: Your large and strong wings let you fly indefinitely. [Gargoyle growth]
 16258 | Lair:4   | Reached XP level 14. HP: 92/92 MP: 21/21
 16576 | Lair:4   | Found a staircase to the Swamp.
 17063 | Lair:5   | Received a gift from Okawaru
 17064 | Lair:5   | Got a bloodstained shortbow {god gift}
 17767 | Lair:6   | Gained mutation: Your mind is acute. (Int +2) [potion of beneficial mutation]
 17770 | Lair:6   | Identified 2 scrolls of acquirement
 17834 | Lair:6   | Found a hole to the Spider Nest.
 18796 | Lair:7   | Found a viscous altar of Jiyva.
 18796 | Lair:7   | Found a staircase to the Slime Pits.
 19056 | Lair:7   | Received a gift from Okawaru
 19057 | Lair:7   | Got a pair of twisted boots {god gift}
 19068 | Lair:7   | Identified the +0 pair of boots of Inquiry {SInv} (Okawaru gifted it to you on level 7 of the Lair of Beasts)
 19402 | Lair:7   | Got a bloodstained great mace
 19408 | Lair:7   | Identified the +7 great mace of the Countless Gods {vamp, Dex+6} (You found it on level 7 of the Lair of Beasts)
 19449 | Lair:8   | Entered Level 8 of the Lair of Beasts
 19977 | Lair:8   | Reached XP level 15. HP: 96/99 MP: 22/22
 20207 | Lair:8   | Found a runed door.
 20616 | Lair:8   | Received a gift from Okawaru
 20651 | Lair:8   | Got a pitted mace {god gift}
 21556 | Orc:1    | Entered Level 1 of the Orcish Mines
 21687 | Orc:1    | Found a roughly hewn altar of Beogh.
 21887 | Orc:1    | Noticed Maud
 21914 | Orc:1    | Killed Maud
 22038 | Orc:2    | Entered Level 2 of the Orcish Mines
 22054 | Orc:2    | Received a gift from Okawaru
 22741 | Orc:2    | Found Semoll's Weapon Boutique.
 22741 | Orc:2    | Found Ympoas's Book Shoppe.
 22837 | Orc:2    | Received a gift from Okawaru
 22908 | Orc:2    | Found a roughly hewn altar of Beogh.
 22913 | Orc:2    | Found a staircase to the Elven Halls.
 22982 | Orc:2    | Found Veunkeu's Antique Armour Shoppe.
 23068 | Orc:2    | Found Geocolib's Food Boutique.
 23267 | Orc:2    | Identified the +5 mace of Afriat {crush, +Fly} (Okawaru gifted it to you on level 8 of the Lair of Beasts)
 23598 | D:13     | Found a gate to the Vaults.
 23867 | D:13     | Reached XP level 16. HP: 107/107 MP: 23/23
 24601 | D:14     | Found a deep blue altar of Sif Muna.
 25151 | D:14     | Got a twisted buckler
 25162 | D:14     | Identified the cursed -1 buckler of Magic {MR+ MP+9 Dex+6} (You found it on level 14 of the Dungeon)
 25522 | D:15     | Entered Level 15 of the Dungeon
 25528 | D:15     | Received a gift from Okawaru
 25547 | D:15     | Reached skill level 15 in Armour
 25577 | D:15     | Found Juso's Weapon Shop.
 25676 | D:15     | Noticed Sonja
 25696 | D:15     | Found a staircase to the Depths.
 25748 | D:15     | Reached skill level 15 in Fighting
 25831 | D:15     | Killed Sonja
 25927 | D:15     | Found Lainey's Armour Shoppe.
 26136 | D:15     | Received a gift from Okawaru
 26142 | D:15     | Reached skill level 15 in Shields
 26239 | D:15     | Found Omulups's Jewellery Shoppe.
 26247 | D:15     | Bought a +4 amulet of reflection for 300 gold pieces
 26247 | D:15     | Bought the ring "Retatt" {rN+++ Str+6 Int-2 Stlth+} for 646 gold pieces
 26479 | D:15     | Found Uguavvi's Magic Scroll Shoppe.
 26804 | Swamp:1  | Entered Level 1 of the Swamp
 27036 | Swamp:1  | Learned a level 2 spell: Shroud of Golubria
 27039 | Swamp:1  | Learned a level 2 spell: Song of Slaying
 27043 | Swamp:1  | Learned a level 3 spell: Regeneration
 27047 | Swamp:1  | Learned a level 3 spell: Spectral Weapon
 27062 | Swamp:1  | Noticed Kirke
 27093 | Swamp:1  | Killed Kirke
 27802 | Swamp:2  | Noticed a thorn hunter
 27837 | Swamp:2  | Killed a thorn hunter
 28027 | Swamp:2  | Reached XP level 17. HP: 112/113 MP: 24/24
 29053 | Swamp:4  | Entered Level 4 of the Swamp
 29158 | Swamp:4  | Received a gift from Okawaru
 29171 | Swamp:4  | Got a warped hand crossbow {god gift}
 29425 | Swamp:4  | Reached skill level 15 in Maces & Flails
 29673 | Swamp:4  | Received a gift from Okawaru
 30296 | Swamp:4  | Got a decaying rune of Zot
 30492 | Spider:1 | Entered Level 1 of the Spider Nest
 30824 | Spider:1 | You are sucked into a shaft!
 31371 | Spider:2 | Received a gift from Okawaru
 31604 | Spider:2 | You are sucked into a shaft!
 31659 | Spider:3 | Reached XP level 18. HP: 118/122 MP: 19/25
 32373 | Spider:4 | Entered Level 4 of the Spider Nest
 32479 | Spider:4 | Noticed braks's ghost (adept DsMo)
 32559 | Spider:4 | HP: 2/122 [wraith[braks's ghost] (8)]
 32933 | Spider:4 | Killed braks's ghost
 33503 | Spider:4 | Received a gift from Okawaru
 33504 | Spider:4 | Got a dazzling chain mail {god gift}
 33515 | Spider:4 | Identified the +6 chain mail of the Mutiny {+Blink rF++ MR+ Dex+4} (Okawaru gifted it to you on level 4 of the Spider Nest)
 33887 | Spider:4 | Got a gossamer rune of Zot
 34258 | Vaults:1 | Entered Level 1 of the Vaults
 34735 | Vaults:1 | Reached XP level 19. HP: 128/128 MP: 26/26
 34769 | Vaults:1 | Received a gift from Okawaru
 34777 | Vaults:1 | Noticed Jorgrun
 34933 | Vaults:1 | Killed Jorgrun
 35020 | Vaults:1 | Got a smoking buckler {god gift}
 35031 | Vaults:1 | Identified the +3 buckler "Etsef" {rF+ MR+} (Okawaru gifted it to you on level 1 of the Vaults)
 36125 | Vaults:2 | Got a warped chain mail
 36136 | Vaults:2 | Identified the cursed +0 chain mail "Rarch" {Int+3} (You found it on level 2 of the Vaults)
 36298 | Vaults:2 | Received a gift from Okawaru
 36777 | Vaults:2 | Noticed a tentacled monstrosity
 36789 | Vaults:2 | Killed a tentacled monstrosity
 37123 | Vaults:2 | Reached XP level 20. HP: 136/136 MP: 27/27
 38130 | Vaults:3 | Received a gift from Okawaru
 38187 | Vaults:3 | Got a jewelled morningstar {god gift}
 38209 | Vaults:3 | Identified the +8 morningstar of Axuaroub {crush, rC+} (Okawaru gifted it to you on level 3 of the Vaults)
 38300 | Vaults:3 | Reached skill level 1 in Evocations
 38568 | Vaults:3 | Reached skill level 5 in Evocations
 38793 | Vaults:3 | Found a staircase to the Crypt.
 38868 | Vaults:3 | Found a portal to a secret trove of treasure.
 39337 | Vaults:4 | Received a gift from Okawaru
 39351 | Vaults:4 | Got a bloodstained cloak {god gift}
 39363 | Vaults:4 | Identified the +0 cloak "Qihuf" {*Confuse rElec MR+++ Str+5} (Okawaru gifted it to you on level 4 of the Vaults)
 39484 | Vaults:4 | Reached skill level 10 in Evocations
 39698 | Vaults:4 | Reached XP level 21. HP: 142/142 MP: 30/30
 40616 | Vaults:1 | Reached skill level 1 in Dodging
 40759 | Elf:1    | Entered Level 1 of the Elven Halls
 40894 | Elf:1    | Found Aril's Jewellery Emporium.
 41044 | Elf:1    | Received a gift from Okawaru
 42002 | Elf:2    | Found a huge runed gate.
 42002 | Elf:2    | Found a huge runed gate.
 42005 | Elf:2    | Found a huge runed gate.
 42053 | Elf:2    | Found Gowimi's Book Boutique.
 43022 | Elf:3    | Entered Level 3 of the Elven Halls
 43037 | Elf:3    | Noticed namelastname112's ghost (adept DrNe)
 43102 | Elf:3    | Killed namelastname112's ghost
 43102 | Elf:3    | Reached XP level 22. HP: 136/149 MP: 31/31
 43348 | Elf:3    | Noticed Nikola
 43367 | Elf:3    | Killed Nikola
 44254 | Elf:3    | Received a gift from Okawaru
 44612 | Elf:2    | Reached skill level 5 in Dodging
 45151 | Elf:3    | Identified the Incunabulum of Contamination
 46053 | Crypt:1  | Entered Level 1 of the Crypt
 46794 | Crypt:1  | Reached XP level 23. HP: 136/156 MP: 32/32
 47230 | Crypt:2  | Received a gift from Okawaru
 47640 | Crypt:3  | Entered Level 3 of the Crypt
 48311 | Crypt:3  | Received a gift from Okawaru
 48345 | Crypt:3  | Got a shimmering hat {god gift}
 48356 | Crypt:3  | Identified the +2 hat of the Solstice {rC+ rCorr Str+3} (Okawaru gifted it to you on level 3 of the Crypt)
 48368 | Crypt:3  | Found a staircase to the Tomb.
 48882 | Crypt:3  | Noticed an ancient lich
 48921 | Crypt:3  | Killed an ancient lich
 48946 | Crypt:3  | Identified the Almanac of the Sinister Blaze (You found it on level 3 of the Crypt)
 48971 | Crypt:3  | Got a brightly glowing ivory ring
 48973 | Crypt:3  | Identified the ring of Red Tiq {rElec rN+ Dex-5 Slay+6 Stlth+} (You found it on level 3 of the Crypt)
 48978 | Crypt:3  | Got a crude copper ring
 48979 | Crypt:3  | Identified the ring of Free Will {rC+ rN+ Int+7 Stlth+} (You found it on level 3 of the Crypt)
 48987 | Crypt:3  | Got a transparent ivory ring
 48988 | Crypt:3  | Identified the ring "Mocrurue" {MR+ MP+9 Int-4 Dex+5 SInv} (You found it on level 3 of the Crypt)
 49888 | Depths:1 | Entered Level 1 of the Depths
 50259 | Depths:1 | Found a gateway to Hell.
 50432 | Depths:1 | Reached XP level 24. HP: 148/164 MP: 32/32
 50880 | Depths:2 | Received a gift from Okawaru
 50942 | Depths:2 | Found a gateway to a ziggurat.
 51003 | Depths:2 | Found a one-way gate to the infinite horrors of the Abyss.
 51047 | Depths:2 | Found a magical portal.
 51052 | WizLab   | Entered Zonguldrok's Shrine
 51309 | WizLab   | Noticed an antique lich
 51323 | WizLab   | Killed an antique lich
 51661 | Depths:2 | Noticed a juggernaut
 51682 | Depths:2 | Killed a juggernaut
 51782 | Depths:2 | Found a runed door.
 52076 | Depths:2 | Received a gift from Okawaru
 52506 | Depths:2 | Found a runed door.
 52925 | Depths:2 | Upgraded the game from 0.19-a0 to 0.19-a0-4-ga5c5ac4
 53074 | Depths:3 | Noticed Norris
 53092 | Depths:3 | Killed Norris
 53092 | Depths:3 | Reached XP level 25. HP: 171/171 MP: 32/32
 53129 | Depths:3 | Found a one-way gate leading to the halls of Pandemonium.
 53380 | Depths:3 | Received a gift from Okawaru
 53541 | Depths:3 | Noticed Boris
 53555 | Depths:3 | Killed Boris
 53778 | Depths:3 | Reached skill level 10 in Dodging
 54342 | Depths:4 | Found a flickering gateway to a bazaar.
 54394 | Bazaar   | Entered a bazaar
 54411 | Bazaar   | Found Nixorgh's Book Emporium.
 54411 | Bazaar   | Found Jusixylu's Food Shoppe.
 54432 | Bazaar   | Found Ehutil's Book Emporium.
 54432 | Bazaar   | Found Xibeg's Armour Shoppe.
 54453 | Bazaar   | Found Titam's General Store.
 54468 | Bazaar   | Found Vuuv's Jewellery Shoppe.
 54516 | Bazaar   | Bought a scroll of enchant weapon for 67 gold pieces
 54516 | Bazaar   | Bought a scroll of teleportation for 27 gold pieces
 54532 | Bazaar   | Bought the +0 cloak of the Guilds {rPois rC+ MP+9 Int+5} for 597 gold pieces
 54749 | Depths:4 | Reached skill level 1 in Hexes
 54790 | Depths:4 | Reached skill level 1 in Charms
 55271 | Depths:4 | Received a gift from Okawaru
 55284 | Depths:4 | HP: 7/172 [deep troll (11)]
 55840 | Depths:4 | Reached XP level 26. HP: 179/179 MP: 32/32
 56208 | Depths:4 | Got a translucent scale mail
 56219 | Depths:4 | Identified the cursed +0 scale mail of the Clam {rCorr Int+3 Stlth-} (You found it on level 4 of the Depths)
 56437 | Depths:4 | Identified the Grimoire of Stones and Shape Shifting
 56519 | Depths:4 | Received a gift from Okawaru
 56934 | Depths:5 | Entered Level 5 of the Depths
 56974 | Depths:5 | Reached skill level 1 in Necromancy
 56986 | Depths:5 | Reached skill level 1 in Translocations
 56995 | Depths:5 | Reached skill level 5 in Charms
 57054 | Depths:5 | Reached skill level 5 in Hexes
 57285 | Depths:5 | Received a gift from Okawaru
 57359 | Depths:5 | Found a gate to the Realm of Zot.
 57793 | Depths:5 | Noticed Mennas
 57852 | Depths:5 | Killed Mennas
 57924 | Depths:5 | Reached XP level 27. HP: 180/184 MP: 32/32
 58239 | Depths:5 | Got a smoking jade ring
 58241 | Depths:5 | Identified the ring "Hyre" {SustAt MR+ Dex+7} (You found it on level 5 of the Depths)
 58731 | Vaults:5 | Entered Level 5 of the Vaults
 58743 | Vaults:5 | Reached skill level 5 in Translocations
 58751 | Vaults:5 | Reached skill level 5 in Necromancy
 58751 | Vaults:5 | Received a gift from Okawaru
 58758 | Vaults:5 | Noticed Frederick
 58796 | Vaults:5 | Killed Frederick
 58927 | Vaults:5 | Noticed Jory
 59220 | Vaults:5 | Received a gift from Okawaru
 59368 | Vaults:5 | Got a jewelled plate armour
 59369 | Vaults:5 | Identified the +7 plate armour of the End {Str+6 Dex+3} (You found it on level 5 of the Vaults)
 59477 | Vaults:5 | Got a silver rune of Zot
 59557 | Vaults:5 | Got a bound golden ring
 59571 | Vaults:5 | Identified the cursed ring "Podiulif" {*Contam rC++ MP+9 Str-4 Stlth-} (You took it off a tengu reaver on level 5 of the Vaults)
 59578 | Vaults:5 | Got a scintillating ivory ring
 59579 | Vaults:5 | Identified the ring "Qamnoig" {+Blink rN+ SInv Stlth+} (You found it on level 5 of the Vaults)
 59733 | Vaults:5 | Noticed Sojobo
 59758 | Vaults:5 | Killed Sojobo
 60217 | Vaults:5 | Killed Jory
 60217 | Vaults:5 | Received a gift from Okawaru
 60218 | Vaults:5 | Got a bloodstained broad axe {god gift}
 60368 | Vaults:5 | Noticed Saint Roka
 60396 | Vaults:5 | Killed Saint Roka
 60980 | Zot:1    | Entered Level 1 of the Realm of Zot
 60980 | Zot:1    | Noticed an orb of fire
 61000 | Zot:1    | Gained mutation: You are frail (-10% HP). [an orb of fire]
 61014 | Zot:1    | Killed an orb of fire
 61991 | Zot:1    | Received a gift from Okawaru
 61997 | Zot:1    | Got an ancient hat {god gift}
 62008 | Zot:1    | Identified the +0 hat "Torr" {*Corrode rC++ Regen+ Int+4} (Okawaru gifted it to you on level 1 of the Realm of Zot)
 62336 | Zot:1    | Reached skill level 1 in Spellcasting
 63425 | Zot:3    | Received a gift from Okawaru
 64461 | Zot:3    | Received a gift from Okawaru
 64654 | Zot:4    | Reached skill level 5 in Spellcasting
 65854 | Slime:1  | Entered Level 1 of the Pits of Slime
 65854 | Slime:1  | Found a viscous altar of Jiyva.
 66456 | Slime:3  | Received a gift from Okawaru
 66462 | Slime:2  | Noticed Dissolution
 66485 | Slime:3  | Killed Dissolution
 66708 | Slime:1  | Gained mutation: You regenerate slowly when monsters are visible. [a shining eye]
 66730 | Slime:1  | Gained mutation: You occasionally shout uncontrollably at your foes. [a shining eye]
 66732 | Slime:1  | Gained mutation: You are weak. (Str -2) [a shining eye]
 67727 | Slime:5  | Received a gift from Okawaru
 67738 | Slime:5  | Gained mutation: Your magical capacity is low (-10% MP). [a shining eye]
 67802 | Slime:5  | Got a pair of warped boots {god gift}
 67813 | Slime:5  | Identified the +0 pair of boots of Happiness {*Drain rC+++ rCorr Int-3} (Okawaru gifted it to you on level 5 of the Pits of Slime)
 67838 | Slime:4  | Gained mutation: Scrolls take you a little longer to read. [a shining eye]
 67843 | Slime:4  | Gained mutation: Your magical capacity is very low (-20% MP). [a shining eye]
 67850 | Slime:4  | Gained mutation: You are occasionally teleported next to monsters. [a shining eye]
 68164 | Slime:5  | Gained mutation: You sometimes yell uncontrollably at your foes. [a shining eye]
 68412 | Slime:6  | Entered Level 6 of the Pits of Slime
 68611 | Slime:6  | Noticed the Royal Jelly
 68667 | Slime:6  | Killed the Royal Jelly
 68774 | Slime:6  | HP: 6/169 [acid blob/splash of acid[the Royal Jelly] (4)]
 68774 | Slime:6  | Splashed by an acid blob's acid

Vault maps used:
D:1:      dpeg_arrival_boxes_within_box, minmay_bisected
D:3:      okawaru_ov_weapons_minmay
D:4:      serial_shops, nicolae_shop_overgrown_old_shop, uniq_sigmund,
          uniq_menkaure
D:5:      lemuel_coloured_pillars_altar, minmay_temple_entry_glass, first_bread,
          chei_slow_surprise
D:6:      nicolae_overflow_hidden_temple, grunt_ministairs_5,
          uniq_crazy_yiuf_cottage, uniq_grinder, uniq_eustachio
D:7:      serial_shops, nicolae_shop_crystal
D:9:      gammafunk_temple_overflow_pools, the_bakery,
          makhleb_blood_cavern_becter
D:11:     david_lair_generic, yredelemnul_altar_generic, uniq_nergalle,
          uniq_urug, uniq_josephine
D:12:     orc_0_dummy, uniq_rupert
D:13:     minmay_opposing_rooms, david_vaults_1
D:14:     basic_altar, minivault_11, kennysheep_small_circle
D:15:     gammafunk_depths_entry_grave, serial_shops, shop,
          nicolae_shop_window_shopping, nicolae_shop_trees, shop, uniq_sonja
Temple:   triangle_lava_temple_12
Lair:1:   enter_volcano_3
Lair:2:   lemuel_slime, lemuel_fruit_tree, grunt_megastairs_1
Lair:4:   nicolae_swamp_entry_splash_gauntlet, serial_bayou_shore_a, uniq_harold
Lair:5:   nicolae_quartered_pool_super, small_statue_intersection
Lair:6:   spider_nest_entry_rubble, nicolae_quartered_pool_medium,
          grunt_megastairs_5
Lair:7:   slime_altar_1
Lair:8:   hangedman_lair_in_review, wormcave
Swamp:1:  hangedman_swamp_ruin_wall, swamp_pool2, infiniplex_staircase_pool,
          uniq_kirke
Swamp:2:  evilmike_swamp_ruin_house_2, swamp_pool1
Swamp:3:  serial_swamp_ruin, evilmike_swamp_ruin_house_6,
          evilmike_swamp_ruin_rubble_2
Swamp:4:  swamp_fiery
Spider:1: nicolae_spider_mines_1, nicolae_looking_at_the_future
Spider:4: spider_rune_water
Slime:1:  basic_altar
Slime:2:  uniq_dissolution
Orc:1:    david_defended_altar_orc, uniq_maud
Orc:2:    st_orc_town, statue_in_the_mist_lemuel
Elf:1:    minmay_elf_arrival_summoners, serial_shops, shop,
          hangedman_elf_disciples
Elf:2:    serial_shops, nicolae_shop_trees
Elf:3:    elf_hall, uniq_nikola
Vaults:1: grunt_vaults_focal, v_misc_19, ontoclasm_vaults_pinch,
          v_alt_pattern_6, hangedman_vaults_stitches, nicolae_vaults_asterisk,
          hangedman_vaults_variations, hangedman_vaults_capsules,
          ontoclasm_vaults_chip, st_lines, hangedman_vaults_nodes,
          vaults_dpeg_spiral, vaults_mumra_chevron, uniq_jorgrun
Vaults:2: ontoclasm_vaults_hangar, vaults_room_door_hall,
          grunt_vaults_hallway_short, vaults_dpeg_ring, nicolae_vaults_octagons,
          vaults_room_grunt_arrival_checkpoint, v_pattern_4, v_misc_17,
          vaults_room_pools, vaults_room_stairs_pillars
Vaults:3: ontoclasm_vaults_ring_large, minmay_crypt_entry_vampire_xt, v_misc_30,
          ontoclasm_vaults_shout, v_misc_9, v_pattern_3, hangedman_vaults_maws,
          nicolae_vaults_gold_heap, dpeg_vaults_monster_box,
          nicolae_trove_entry_columns
Vaults:4: nicolae_vaults_little_squares_4, vaults_mumra_minichess_inversion,
          nicolae_vaults_theta, nicolae_vaults_twisting_passages,
          ontoclasm_vaults_bender, hangedman_vaults_trim,
          nicolae_vaults_hallways_thing, nicolae_vaults_quartermaster,
          hangedman_vaults_corner_blocks, serial_ice_m, vaults_dpeg_hooks
Vaults:5: uniq_saint_roka, uniq_frederick, uniq_sojobo, uniq_jory
Crypt:2:  grunt_megastairs_3
Crypt:3:  david_glass_crypt, library_closet, stair_cage_line
Depths:1: hellmouth_1, minmay_misc_feat_square, minmay_evil_grid
Depths:2: thingy_vault_2, enter_ziggurat_e, mu_enter_wizlab_2,
          hangedman_coc_ice_floe, abyss_entry, minmay_crystal_room,
          infiniplex_staircase_zigzag_4, kennysheep_random_hallway
Depths:3: minmay_imperfect_grid, pan_entry, hangedman_geh_valley,
          lemuel_nasty_fountain, uniq_boris, uniq_norris
Depths:4: grunt_twisty_corner, abyss_entry_small_statue_room, serial_sigils,
          serial_sigils_hangedman_stare, serial_sigils_hangedman_carve,
          serial_sigils_hangedman_etch, serial_sigils_hangedman_scar,
          serial_sigils_hangedman_gut, serial_shops, bzr_in_the_mist, hell_entry
Depths:5: lemuel_castle_with_subvaults, rand_demon_pan_entry_1, hell_entry,
          st_stairs_9, minmay_door_square, uniq_mennas
Zot:1:    kennysheep_room_grid
Zot:4:    kennysheep_six_static_rooms
Bazaar:   bazaar_long_row
Volcano:  volcano_lake
WizLab:   wizlab_zonguldrok

Skill      XL: |  1  2  3  4  5  6  7  8  9 10 11 12 13 14 15 16 17 18 19 20 21 22 23 24 25 26 27 |
---------------+----------------------------------------------------------------------------------+-----
Maces & Flails | 3 4 5 6 7 8 9 10 11 12 13 14 15 16 17 18 19 20 21 | 21.9
Invocations    | 1 2 3 4 6 7 9 |  9.8
Fighting       | 4 5 6 7 8 9 11 12 13 14 15 16 17 18 19 20 21 23 | 23.5
Shields        | 4 5 7 8 9 10 12 13 14 15 16 17 18 19 20 21 23 | 23.3
Armour         | 4 5 6 7 8 9 11 12 13 14 15 16 17 18 19 20 21 22 23 | 23.6
Evocations     | 12 13 | 13.3
Dodging        | 3 6 8 9 10 11 13 | 13.5
Hexes          | 2 6 8 |  8.2
Charms         | 2 6 8 |  8.1
Necromancy     | 3 9 |  9.3
Translocations | 4 6 |  6.2
Spellcasting   | 7 |  7.4

Action                   |  1- 3 |  4- 6 |  7- 9 | 10-12 | 13-15 | 16-18 | 19-21 | 22-24 | 25-27 || total
-------------------------+-------+-------+-------+-------+-------+-------+-------+-------+-------++-------
Melee: Flail             |   149 |   118 |   600 |   954 |   441 |       |       |       |       ||  2262
       Demon whip        |       |       |       |       |  1986 |  2446 |  2590 |  2384 |  4701 || 14107
 Cast: Spectral Weapon   |       |       |       |       |       |       |       |       |    35 ||    35
       Song of Slaying   |       |       |       |       |       |       |       |       |    16 ||    16
       Regeneration      |       |       |       |       |       |       |       |       |     2 ||     2
       Shroud of Golubri |       |       |       |       |       |       |       |       |     1 ||     1
Invok: Heroism           |       |       |       |     3 |       |     1 |       |       |     7 ||    11
       Finesse           |       |       |       |     2 |       |     1 |       |       |     4 ||     7
 Abil: Fly               |       |       |       |       |     1 |     1 |       |       |       ||     2
       Evoke Blink       |       |       |       |       |       |       |       |       |     2 ||     2
Evoke: Wand              |       |     2 |     3 |     1 |       |     7 |       |     2 |       ||    15
  Use: Scroll            |       |     6 |     3 |    19 |    10 |     8 |     4 |     8 |    13 ||    71
       Potion            |       |       |       |       |     1 |     1 |       |       |     3 ||     5
 Stab: Confused          |       |       |       |     1 |       |       |       |       |     2 ||     3
       Sleeping          |       |       |       |       |       |     1 |       |       |       ||     1
       Distracted        |       |       |       |       |       |     1 |       |       |    13 ||    14
       Held in net/web   |       |       |       |       |       |     1 |       |       |       ||     1
  Eat: Chunk             |     3 |     3 |    12 |    24 |    37 |    36 |    28 |    24 |    46 ||   213
       Fruit             |       |       |       |     3 |     1 |     8 |     1 |     2 |     2 ||    17
       Bread ration      |       |       |       |       |     1 |       |       |     1 |     2 ||     4
       Royal jelly       |       |       |       |       |       |     1 |       |     2 |     2 ||     5
Armor: Scale mail        |    77 |    12 |       |    23 |   795 |   761 |       |       |       ||  1668
       Chain mail        |       |    54 |   409 |   292 |       |    77 |  1165 |   764 |  1557 ||  4318
       Plate armour      |       |       |       |   155 |       |       |       |       |       ||   155
Dodge: Dodged            |    57 |    25 |   143 |   191 |   485 |   434 |   575 |   587 |  1855 ||  4352
Block: Shield            |    70 |    63 |   345 |   586 |  1223 |  1716 |   204 |       |       ||  4207
       Reflection        |       |       |       |       |       |    24 |   122 |    55 |    83 ||   284
       Buckler           |       |       |       |       |       |       |  1570 |  1327 |  2280 ||  5177
       Other             |       |       |       |       |       |       |     2 |       |       ||     2
       Large shield      |       |       |       |       |       |       |       |       |  1307 ||  1307
